 Dungeon Crawl Stone Soup version 0.17.1-3-g152610e (webtiles) character file.

879 Alarkh the Chopper (level 7, -1/50 HPs)
             Began as a Mummy Skald on Apr 17, 2016.
             Slain by a wasp (5 damage)
             ... on level 4 of the Dungeon.
             The game lasted 00:06:48 (4575 turns).

Alarkh the Chopper (Mummy Skald)                    Turns: 4575, Time: 00:06:48

Health: -1/50      AC:  6    Str: 15    XL:     7   Next: 75%
Magic:  10/10      EV: 11    Int: 14    God:
Gold:   182        SH:  0    Dex: 11    Spells: 4 memorised, 2 levels left

rFire  x . .     SeeInvis .     b - +2 dagger (venom)
rCold  + . .     Clarity  .     h - +0 leather armour
rNeg   + + +     SustAt   .     (no shield)
rPois  ∞         Gourm    .     g - +0 helmet
rElec  .         Spirit   .     (no cloak)
rCorr  .         Warding  .     (no gloves)
rMut   .         Stasis   .     e - +1 pair of boots
MR     .....                    (no amulet)
Stlth  +.........               (no ring)
                                i - ring of flight

@: not resistant to hostile enchantments, very unstealthy
A: no food or potions, fire vulnerability, cold resistance 1, negative energy
resistance 3, torment resistance, unbreathing
a: Evoke Flight


You were on level 4 of the Dungeon.
You were not hungry.

You visited 1 branch of the dungeon, and saw 7 of its levels.

You collected 182 gold pieces.

Inventory:

Hand Weapons
 a - a +0 hand axe
 b - a +2 dagger of venom (weapon)
Armour
 e - a +1 pair of boots (worn)
 g - a +0 helmet (worn)
 h - a +0 leather armour (worn)
Jewellery
 i - a ring of flight (left hand)
 k - an uncursed ring of teleportation
Scrolls
 d - 2 scrolls of magic mapping
 f - a scroll of identify
 l - a scroll of remove curse
Books
 c - a book of Battle

   Spells                             Type                      Level
   a - Infusion                       Charms                       1
   b - Shroud of Golubria             Charms/Translocation         2
   c - Song of Slaying                Charms                       2
   d - Spectral Weapon                Hexes/Charms                 3
   e - Regeneration                   Charms/Necromancy            3


   Skills:
 - Level 2.0 Fighting
 + Level 7.6 Axes
 - Level 0.7 Armour
 - Level 0.7 Dodging
 - Level 2.0 Spellcasting
 - Level 2.4 Charms


You had 2 spell levels left.
You knew the following spells:

 Your Spells              Type           Power        Failure   Level  Hunger
a - Infusion              Chrm           #.....       14%         1    N/A
b - Song of Slaying       Chrm           #.......     21%         2    N/A
c - Spectral Weapon       Hex/Chrm       #.......     61%         3    N/A
e - Shroud of Golubria    Chrm/Tloc      #.........   30%         2    N/A

Dungeon Overview and Level Annotations

Branches:
Dungeon (7/15)
 Temple: D:4-7

Altars:
Ashenzari
Makhleb
Trog
Vehumet

Annotations:
D:3 Grinder
D:6 Alipheese's ghost, novice NaGl


Innate Abilities, Weirdness & Mutations

You do not eat or drink.
Your flesh is vulnerable to fire.
You are immune to poison.
Your flesh is cold resistant.
You are immune to negative energy.
You are immune to unholy pain and torment.
You can survive without breathing.


Message History

Found a scroll of identify.
f - a scroll of identify You open the door.
A worker ant, 3 orcs and an orc priest come into view.
The orc priest shouts!
The orc shouts!
The orc shouts!
The orc priest picks up a bubbling inky potion.
Found 34 gold pieces, a club, a chain mail and a bread ration.
You close the door.
An orc opens the door.
A wasp comes into view.
The wasp stings you.
* * * LOW HITPOINT WARNING * * *
Read which item? (? for menu, Esc to quit)
As you read the scroll labeled RUG VUNOMY, it crumbles to dust.
You assume a fearsome visage.
The wasp looks frightened!
The orc looks frightened! x2
It was a scroll of fear.
Cornered, the wasp turns to fight!
The wasp stings you.
You die...

#.............#.#
#.#
#............o#.#
#.#
####+########.#.#
#.# ###..#.# #.#
#....#.# #.#
##....#.# #.#
#.....#.###.#
#.y..##...#.#
#@...##.†.#.#
#..#####..#.#
#.#### #..#.#
...#.###..#(#
.##.#.##.!.#.#
.#>#..#.#.#
.#.#.##.#.#
.#.#.##.#.#
#......#.#


You could see a wasp and an orc priest.

Vanquished Creatures
  A hippogriff (D:7)
  A black bear (D:7)
  An orc warrior (D:6)
  An ogre (D:7)
  2 giant frogs (D:6)
  A scorpion (D:7)
  A giant frog zombie (D:5)
  2 hounds
  2 orc priests (D:6)
  An iguana (D:7)
  An orc wizard (D:7)
  A worker ant zombie (D:5)
  3 adders
  2 adder zombies
  4 worms (D:2)
  A giant gecko (D:2)
  2 orcs
  A bat zombie (D:5)
  9 giant cockroaches
  7 goblins
  6 hobgoblins
  3 kobolds (D:2)
  4 quokkas
  A ball python (D:1)
  4 bats
  A jackal skeleton (D:6)
  A jackal zombie (D:7)
  A quokka skeleton (D:6)
  5 rats (D:2)
70 creatures vanquished.

Notes
Turn   | Place    | Note
--------------------------------------------------------------
     0 | D:1      | Alarkh the Mummy Skald began the quest for the Orb.
     0 | D:1      | Reached XP level 1. HP: 16/16 MP: 3/3
   539 | D:2      | Reached XP level 2. HP: 8/22 MP: 1/5
  1093 | D:1      | Learned a level 2 spell: Song of Slaying
  1096 | D:1      | Learned a level 2 spell: Shroud of Golubria
  1397 | D:2      | Reached XP level 3. HP: 23/27 MP: 1/6
  1427 | D:2      | Reached skill level 3 in Axes
  1847 | D:2      | Found a shattered altar of Ashenzari.
  2045 | D:3      | Noticed Grinder
  2078 | D:3      | You fall through a shaft for 3 floors!
  2109 | D:7      | Noticed a scorpion
  2113 | D:7      | Killed a scorpion
  2113 | D:7      | Reached skill level 4 in Axes
  2113 | D:7      | Reached XP level 4. HP: 33/33 MP: 7/7
  2256 | D:7      | Noticed an ogre
  2390 | D:7      | Killed an ogre
  2390 | D:7      | Reached XP level 5. HP: 11/38 MP: 8/8
  2885 | D:7      | Found a radiant altar of Vehumet.
  2898 | D:7      | Noticed a black bear
  2912 | D:7      | Killed a black bear
  2912 | D:7      | Reached skill level 5 in Axes
  2912 | D:7      | Reached XP level 6. HP: 4/44 MP: 9/9
  3237 | D:7      | Noticed a hippogriff
  3266 | D:7      | Killed a hippogriff
  3266 | D:7      | Reached skill level 6 in Axes
  3600 | D:6      | Noticed a giant frog
  3605 | D:6      | Killed a giant frog
  3605 | D:6      | Reached XP level 7. HP: 45/50 MP: 6/10
  3622 | D:6      | Noticed a giant frog
  3629 | D:6      | Killed a giant frog
  3764 | D:6      | Noticed an orc warrior
  3782 | D:6      | Killed an orc warrior
  3782 | D:6      | Reached skill level 7 in Axes
  4042 | D:7      | Learned a level 3 spell: Spectral Weapon
  4108 | D:6      | Found a bloodstained altar of Trog.
  4118 | D:6      | Noticed Alipheese's ghost (novice NaGl)
  4158 | D:6      | Found a burning altar of Makhleb.
  4285 | D:5      | Entered Level 5 of the Dungeon
  4544 | D:4      | Noticed a deep elf mage
  4575 | D:4      | Slain by a wasp

Action                   |  1- 3 |  4- 6 |  7- 9 || total
-------------------------+-------+-------+-------++-------
Melee: Hand axe          |    89 |     1 |    28 ||   118
       Dagger            |    54 |    44 |   100 ||   198
 Cast: Infusion          |    13 |     2 |     3 ||    18
       Shroud of Golubri |       |       |     2 ||     2
  Use: Scroll            |     4 |     1 |     2 ||     7
